[ AOE2 MATCH · #506654560 ]
UnrankedMongols vs Mongols
Player's team · LOSS
Rival team · WIN
[ REPLAY ANALYSIS · EXTRACTED FROM THE RECORDED GAME ]
Feudal
8:41
Castle
22:42
Imperial
—
| APM avg | 60.7 |
| APM peak | 107 |
| eAPM avg | 24.2 |
| Villagers / military | 52 / 42 |
Focus
⚔️ 29.5% · 🌾 70.5%
Cavalry Archer ×28 · Skirmisher ×7 · Scout Cavalry ×5 · Knight ×1 · Spearman ×1
Feudal
10:05
Castle
26:47
Imperial
—
| APM avg | 40.7 |
| APM peak | 67 |
| eAPM avg | 16.0 |
| Villagers / military | 46 / 47 |
Focus
⚔️ 36.7% · 🌾 63.3%
Archer ×27 · Scout Cavalry ×19 · Spearman ×1
Match map
Initial resources + every placement click. Lines = walls · curves = elevation contours. ◆ gold · ⬟ stone · ● berries · ✦ relic · ◌ wall gap
Your base· ✓ Closed at 22:42 · 12t walls · no gate
xingxing's base· Open — opponent sealed themselves in
Smoothed initial terrain · ◌ = detected wall gap · hover for details
Inputs per minute
— Old Boris - - xingxing
Build order — Old Boris
First 150 of 173 actions detected
| 0:00 | Queue | Villager (Male) |
| 0:00 | Queue | Villager (Male) |
| 0:01 | Queue | Villager (Male) |
| 0:01 | Queue | Villager (Male) |
| 0:01 | Queue | Villager (Male) |
| 0:02 | Build | House |
| 0:04 | Build | House |
| 1:29 | Queue | Villager (Male) |
| 1:58 | Queue | Villager (Male) |
| 2:20 | Queue | Villager (Male) |
| 2:43 | Queue | Villager (Male) |
| 2:59 | Queue | Villager (Male) |
| 3:21 | Queue | Villager (Male) |
| 3:27 | Build | Lumber Camp |
| 3:33 | Queue | Villager (Male) |
| 3:41 | Queue | Villager (Male) |
| 3:41 | Queue | Villager (Male) |
| 3:52 | Build | House |
| 4:03 | Queue | Villager (Male) |
| 4:30 | Research | Loom |
| 4:31 | Research | Loom |
| 4:52 | Queue | Villager (Male) |
| 5:51 | Queue | Villager (Male) |
| 5:53 | Build | Mill |
| 6:31 | Research | Feudal Age |
| 7:08 | Build | Palisade Wall |
| 7:14 | Build | Palisade Wall |
| 7:16 | Build | Palisade Wall |
| 7:19 | Build | Palisade Wall |
| 8:08 | Queue | Villager (Male) |
| 8:09 | Queue | Villager (Male) |
| 8:41 | Age | Feudal Age |
| 9:02 | Build | Barracks |
| 9:09 | Build | House |
| 9:12 | Queue | Villager (Male) |
| 9:17 | Build | Palisade Wall |
| 9:32 | Queue | Villager (Male) |
| 9:41 | Queue | Villager (Male) |
| 10:05 | Build | Stable |
| 10:34 | Research | Double-Bit Axe |
| 10:34 | Queue | Villager (Male) |
| 10:39 | Build | House |
| 10:44 | Queue | Spearman |
| 10:54 | Queue | Scout Cavalry |
| 11:10 | Queue | Villager (Male) |
| 11:29 | Queue | Villager (Male) |
| 11:44 | Build | House |
| 11:55 | Queue | Villager (Male) |
| 11:58 | Queue | Scout Cavalry |
| 12:08 | Build | Palisade Wall |
| 12:20 | Queue | Villager (Male) |
| 12:28 | Queue | Villager (Male) |
| 12:39 | Queue | Villager (Male) |
| 12:41 | Build | Archery Range |
| 13:01 | Research | Horse Collar |
| 13:13 | Queue | Scout Cavalry |
| 13:21 | Queue | Villager (Male) |
| 13:40 | Build | House |
| 13:43 | Queue | Skirmisher |
| 13:47 | Build | Farm |
| 13:50 | Build | Farm |
| 13:53 | Build | House |
| 13:54 | Build | Farm |
| 13:57 | Queue | Scout Cavalry |
| 13:59 | Queue | Skirmisher |
| 14:07 | Queue | Villager (Male) |
| 14:17 | Build | Farm |
| 14:22 | Queue | Skirmisher |
| 14:31 | Queue | Scout Cavalry |
| 14:31 | Queue | Villager (Male) |
| 14:37 | Build | Farm |
| 14:39 | Queue | Skirmisher |
| 14:48 | Queue | Skirmisher |
| 14:54 | Build | Farm |
| 14:59 | Queue | Villager (Male) |
| 15:01 | Build | Farm |
| 15:06 | Build | House |
| 15:08 | Build | House |
| 15:14 | Build | Farm |
| 15:15 | Queue | Villager (Male) |
| 15:28 | Build | Farm |
| 15:33 | Queue | Skirmisher |
| 15:34 | Queue | Villager (Male) |
| 15:50 | Queue | Skirmisher |
| 15:53 | Build | Farm |
| 15:56 | Queue | Villager (Male) |
| 16:34 | Queue | Villager (Male) |
| 16:35 | Build | Farm |
| 16:38 | Build | Mining Camp |
| 16:40 | Build | Farm |
| 16:50 | Build | Farm |
| 16:55 | Queue | Villager (Male) |
| 16:57 | Build | House |
| 17:05 | Queue | Villager (Male) |
| 17:14 | Build | Lumber Camp |
| 17:43 | Queue | Villager (Male) |
| 17:48 | Build | Blacksmith |
| 17:52 | Queue | Villager (Male) |
| 17:57 | Queue | Villager (Male) |
| 17:59 | Build | Watch Tower |
| 18:03 | Build | Farm |
| 18:08 | Build | House |
| 18:13 | Queue | Villager (Male) |
| 18:21 | Build | Farm |
| 18:32 | Queue | Villager (Male) |
| 18:35 | Build | House |
| 18:43 | Build | House |
| 18:54 | Build | House |
| 19:07 | Build | Farm |
| 19:09 | Build | House |
| 19:10 | Build | House |
| 19:14 | Build | Farm |
| 20:02 | Research | Castle Age |
| 20:07 | Build | Archery Range |
| 20:29 | Build | House |
| 20:37 | Research | Fletching |
| 20:52 | Build | Archery Range |
| 20:57 | Queue | Villager (Male) |
| 20:59 | Build | House |
| 21:01 | Build | House |
| 21:02 | Build | House |
| 21:06 | Research | Padded Archer Armor |
| 21:06 | Research | Padded Archer Armor |
| 21:40 | Research | Gold Mining |
| 21:41 | Build | Mining Camp |
| 21:50 | Queue | Villager (Male) |
| 22:07 | Build | House |
| 22:09 | Build | House |
| 22:11 | Build | House |
| 22:22 | Build | House |
| 22:36 | Build | Palisade Wall |
| 22:42 | Age | Castle Age |
| 22:46 | Queue | Cavalry Archer |
| 22:46 | Queue | Cavalry Archer |
| 22:47 | Queue | Villager (Male) |
| 22:52 | Queue | Villager (Male) |
| 22:55 | Queue | Cavalry Archer |
| 22:55 | Queue | Cavalry Archer |
| 22:56 | Queue | Villager (Male) |
| 23:01 | Queue | Villager (Male) |
| 23:10 | Queue | Cavalry Archer |
| 23:10 | Queue | Cavalry Archer |
| 23:11 | Queue | Knight |
| 23:16 | Queue | Villager (Male) |
| 23:18 | Build | House |
| 23:20 | Build | House |
| 23:22 | Build | Palisade Wall |
| 23:24 | Build | House |
| 23:26 | Build | House |
| 23:33 | Queue | Cavalry Archer |
Build order — xingxing
First 150 of 167 actions detected
| 0:01 | Queue | Villager (Male) |
| 0:02 | Queue | Villager (Male) |
| 0:02 | Queue | Villager (Male) |
| 0:03 | Build | House |
| 0:21 | Queue | Villager (Male) |
| 1:26 | Queue | Villager (Male) |
| 1:26 | Queue | Villager (Male) |
| 1:46 | Build | House |
| 1:54 | Queue | Villager (Male) |
| 1:54 | Queue | Villager (Male) |
| 2:15 | Build | Lumber Camp |
| 2:26 | Queue | Villager (Male) |
| 2:47 | Queue | Villager (Male) |
| 3:13 | Queue | Villager (Male) |
| 3:13 | Queue | Villager (Male) |
| 3:25 | Build | House |
| 3:37 | Queue | Villager (Male) |
| 3:47 | Research | Loom |
| 4:00 | Queue | Villager (Male) |
| 4:48 | Queue | Villager (Male) |
| 4:48 | Queue | Villager (Male) |
| 5:10 | Build | Mill |
| 5:13 | Build | House |
| 6:04 | Queue | Villager (Male) |
| 6:04 | Queue | Villager (Male) |
| 7:05 | Queue | Villager (Male) |
| 7:05 | Queue | Villager (Male) |
| 7:35 | Queue | Villager (Male) |
| 7:40 | Build | Lumber Camp |
| 7:51 | Research | Feudal Age |
| 8:03 | Build | Mining Camp |
| 8:48 | Build | Palisade Wall |
| 8:52 | Build | Palisade Wall |
| 8:55 | Build | Palisade Wall |
| 9:24 | Build | Barracks |
| 9:27 | Queue | Villager (Male) |
| 9:41 | Build | House |
| 10:03 | Build | Palisade Wall |
| 10:05 | Age | Feudal Age |
| 10:06 | Build | Palisade Wall |
| 10:09 | Queue | Villager (Male) |
| 10:31 | Build | Archery Range |
| 10:34 | Queue | Villager (Male) |
| 10:41 | Research | Double-Bit Axe |
| 11:11 | Queue | Villager (Male) |
| 11:15 | Queue | Archer |
| 11:23 | Build | Blacksmith |
| 11:28 | Queue | Villager (Male) |
| 11:30 | Queue | Archer |
| 11:42 | Build | House |
| 11:58 | Queue | Villager (Male) |
| 12:02 | Build | Mill |
| 12:03 | Queue | Spearman |
| 12:08 | Build | House |
| 12:24 | Build | Palisade Wall |
| 12:28 | Queue | Archer |
| 12:35 | Queue | Villager (Male) |
| 12:39 | Build | Farm |
| 12:39 | Build | Farm |
| 12:42 | Build | Farm |
| 12:52 | Research | Fletching |
| 12:52 | Queue | Archer |
| 12:55 | Queue | Villager (Male) |
| 13:04 | Build | Palisade Wall |
| 13:09 | Queue | Villager (Male) |
| 13:12 | Queue | Archer |
| 13:22 | Build | House |
| 13:25 | Build | Palisade Wall |
| 13:35 | Queue | Villager (Male) |
| 13:37 | Build | Farm |
| 13:51 | Build | Farm |
| 13:56 | Queue | Archer |
| 14:00 | Queue | Villager (Male) |
| 14:06 | Build | Farm |
| 14:17 | Build | Farm |
| 14:26 | Queue | Villager (Male) |
| 14:32 | Build | Farm |
| 14:41 | Queue | Archer |
| 14:44 | Queue | Villager (Male) |
| 15:00 | Research | Horse Collar |
| 15:01 | Queue | Villager (Male) |
| 15:27 | Queue | Villager (Male) |
| 15:32 | Build | Stable |
| 15:47 | Queue | Archer |
| 15:52 | Build | Farm |
| 15:55 | Build | House |
| 16:08 | Research | Wheelbarrow |
| 16:15 | Build | Farm |
| 16:31 | Queue | Scout Cavalry |
| 16:32 | Queue | Archer |
| 16:45 | Build | Archery Range |
| 16:52 | Queue | Archer |
| 16:54 | Research | Forging |
| 16:57 | Queue | Scout Cavalry |
| 16:57 | Queue | Scout Cavalry |
| 17:14 | Build | House |
| 17:20 | Queue | Scout Cavalry |
| 17:25 | Queue | Villager (Male) |
| 17:34 | Build | Farm |
| 17:36 | Queue | Archer |
| 17:42 | Build | Farm |
| 17:50 | Queue | Scout Cavalry |
| 17:52 | Queue | Archer |
| 17:52 | Queue | Archer |
| 18:19 | Queue | Villager (Male) |
| 18:20 | Queue | Scout Cavalry |
| 18:21 | Queue | Archer |
| 18:21 | Queue | Archer |
| 18:25 | Queue | Villager (Male) |
| 18:28 | Build | House |
| 18:30 | Build | Farm |
| 18:33 | Build | Farm |
| 18:56 | Research | Bloodlines |
| 18:56 | Research | Bloodlines |
| 18:57 | Queue | Archer |
| 19:08 | Build | Stable |
| 19:16 | Queue | Villager (Male) |
| 19:18 | Build | House |
| 19:25 | Build | Farm |
| 19:33 | Queue | Scout Cavalry |
| 19:36 | Research | Scale Barding Armor |
| 19:37 | Queue | Archer |
| 19:37 | Queue | Archer |
| 19:42 | Queue | Villager (Male) |
| 19:47 | Build | Mining Camp |
| 20:03 | Queue | Villager (Male) |
| 20:17 | Queue | Scout Cavalry |
| 20:17 | Queue | Scout Cavalry |
| 20:18 | Queue | Archer |
| 20:23 | Queue | Villager (Male) |
| 20:52 | Build | Watch Tower |
| 21:09 | Queue | Scout Cavalry |
| 21:10 | Queue | Scout Cavalry |
| 21:11 | Queue | Archer |
| 21:11 | Queue | Archer |
| 21:35 | Queue | Villager (Male) |
| 21:55 | Queue | Villager (Male) |
| 21:57 | Research | Padded Archer Armor |
| 21:58 | Research | Padded Archer Armor |
| 21:59 | Queue | Scout Cavalry |
| 21:59 | Queue | Scout Cavalry |
| 22:04 | Build | House |
| 22:09 | Build | Lumber Camp |
| 22:13 | Build | Farm |
| 22:15 | Build | House |
| 22:16 | Build | House |
| 23:41 | Queue | Villager (Male) |
| 24:07 | Research | Castle Age |
| 24:07 | Research | Castle Age |
| 24:08 | Queue | Archer |
Match timeline
| 7:08 | Old Boris · wall_segment Palisade Wall x1 |
| 7:14 | Old Boris · wall_segment Palisade Wall x1 |
| 7:16 | Old Boris · wall_segment Palisade Wall x1 |
| 7:19 | Old Boris · wall_segment Palisade Wall x1 |
| 8:41 | Old Boris · age_up feudal |
| 8:48 | xingxing · wall_segment Palisade Wall x1 |
| 8:52 | xingxing · wall_segment Palisade Wall x1 |
| 8:55 | xingxing · wall_segment Palisade Wall x1 |
| 9:02 | Old Boris · first_building Barracks |
| 9:17 | Old Boris · wall_segment Palisade Wall x3 |
| 9:24 | xingxing · first_building Barracks |
| 10:03 | xingxing · wall_segment Palisade Wall x2 |
| 10:05 | Old Boris · first_building Stable |
| 10:05 | xingxing · age_up feudal |
| 10:06 | xingxing · wall_segment Palisade Wall x8 |
| 10:31 | xingxing · first_building Archery Range |
| 12:08 | Old Boris · wall_segment Palisade Wall x4 |
| 12:24 | xingxing · wall_segment Palisade Wall x1 |
| 12:41 | Old Boris · first_building Archery Range |
| 13:04 | xingxing · wall_segment Palisade Wall x6 |
| 13:25 | xingxing · wall_segment Palisade Wall x6 |
| 15:32 | xingxing · first_building Stable |
| 22:36 | Old Boris · wall_segment Palisade Wall x1 |
| 22:42 | Old Boris · age_up castle |
| 23:22 | Old Boris · wall_segment Palisade Wall x1 |
| 26:47 | xingxing · age_up castle |
| 26:53 | Old Boris · resign |
[ AI ANALYSIS · 1 CREDIT ]
What really happened in this match?
Wolo.gg analyzes every decision: build order, eco, micro, common mistakes by bracket. Personalized analysis on WhatsApp or Discord in 30 seconds.
Civ guide
Mongols
Perfil
Jugador #2473598